AoeStats
← (ATBL) bigwillym

Arabian Desert

510135865Analyzed
1v1 RM · 3d ago on Sep 29, 2026· 41m 29s· 2 players
Game mode
Random Map
Map size
Tiny (2 player)
Population
200
Speed
Normal
Resources
Standard
Victory
Conquest
Starting age
Dark Age
Ending age
Imperial Age
RankedLock teamsTeams togetherTeam positionsShared explorationLock speedFull tech treeHidden civsTurbo modeCheats
Victory
Defeat
🇬🇧 Magyars · United Kingdom
1387
+18
🇲🇽 Sicilians · Mexico
1424
-18
(ATBL) bigwillym
6:20 Loom
9:32 Feudal Age
10:07 Double-Bit Axe
10:31 Horse Collar
21:27 Castle Age
20:02 Scale Barding Armor
22:10 Bloodlines
22:38 Chain Barding Armor
30:55 Fletching
35:39 Town Watch
38:04 Husbandry
Schalamax1
1:54 Loom
10:17 Feudal Age
10:45 Double-Bit Axe
20:55 Fletching
25:08 Padded Archer Armor
30:14 Castle Age
28:13 Horse Collar
29:32 Bloodlines
29:46 Gold Mining
30:04 Scale Barding Armor
38:00 Light Cavalry
39:02 Husbandry
Connection lost

Rejoining the realm…

Still unreachable

The connection could not be restored.

Session expired

The server has moved on; the page needs a fresh start.